Map: 라이트쉐이드 - 래더

Players

Stats - Winner!

  • Race: Protoss Protoss
  • Spawn Location: 11:00

MaxPax

  • Race: Protoss Protoss
  • Spawn Location: 5:00

Event: StayAtHome Story Cup #3

VOD

Have the link to the VOD?

Description

Time

  • Played on: March 12, 2021, 7:28 a.m.
  • Length: 9:49

All games in this series

Show
View Real Time Build Order
Export as new Build Order

Stats Protoss - Winner!

Build Orders: Phoenix Opening, Zealot Archon 

Get SALT Encoding   

  12  0:00  Probe  
  13  0:12  Probe  
  14  0:17  Pylon  
  14  0:24  Probe (Chrono Boost)  
  15  0:37  Probe (Chrono Boost), Gateway  
  16  0:45  Probe (Chrono Boost)  
  16  0:46  Assimilator  
  17  0:51  Probe  
  17  0:54  Assimilator  
  18  1:03  Probe (Chrono Boost)  
  19  1:08  Gateway  
  19  1:14  Probe (Chrono Boost)  
  20  1:19  Probe (Chrono Boost)  
  20  1:24  Cybernetics Core  
  21  1:29  Probe  
  22  1:33  Pylon  
  22  1:41  Probe  
  23  1:53  Probe  
  24  1:59  Pylon  
  24  2:02  Stalker  
  24  2:03  Warp Gate  
  24  2:07  Stalker  
  28  2:12  Probe  
  28  2:15  Pylon  
  29  2:33  Sentry  
  33  2:49  Nexus  
  33  2:52  Shield Battery  
  33  2:56  Shield Battery  
  33  2:57  Sentry  
  33  3:01  Sentry  
  35  3:09  Phoenix, Pylon  
  35  3:10  Probe  
  36  3:22  Probe  
  37  3:27  Twilight Council  
  37  3:34  Probe  
  38  3:46  Probe (Chrono Boost)  
  39  3:50  Stalker  
  39  3:51  Stalker  
  43  3:58  Probe (Chrono Boost)  
  43  4:00  Phoenix  
  45  4:03  Probe (Chrono Boost)  
  45  4:05  Forge  
  45  4:06  Probe (Chrono Boost)  
  46  4:11  Probe (Chrono Boost)  
  46  4:12  Probe (Chrono Boost)  
  46  4:14  Blink  
  48  4:17  Probe (Chrono Boost)  
  48  4:21  Probe (Chrono Boost)  
  48  4:29  Probe (Chrono Boost)  
  49  4:33  Dark Shrine  
  49  4:36  Probe (Chrono Boost)  
  49  4:37  Probe (Chrono Boost)  
  51  4:43  Probe  
  51  4:45  Phoenix, Assimilator  
  52  4:47  Protoss Ground Weapons Level 1 (Chrono Boost)  
  52  4:48  Pylon  
  52  4:50  Probe  
  53  4:55  Probe  
  53  5:00  Gateway x2  
  53  5:02  Probe  
  54  5:08  Probe, Stalker  
  54  5:13  Stalker  
  59  5:19  Probe  
  59  5:20  Probe, Pylon  
  61  5:23  Robotics Facility  
  61  5:38  Nexus  
  61  5:41  Pylon  
  61  5:47  Dark Templar  
  63  5:52  Probe x2  
  63  5:54  Dark Templar  
  67  6:06  Probe x2  
  67  6:09  Pylon  
  69  6:15  Charge  
  69  6:18  Observer, Probe x2  
  70  6:21  Gateway  
  70  6:23  Gateway  
  70  6:24  Gateway  
  71  6:30  Probe x2  
  71  6:31  Gateway  
  73  6:39  Protoss Ground Weapons Level 2 (Chrono Boost)  
  73  6:42  Probe x2  
  73  6:54  Probe x2  
  73  6:56  Probe  
  73  6:58  Stalker x3  
  82  7:03  Warp Prism (Chrono Boost), Stalker  
  82  7:06  Probe  
  82  7:07  Probe  
  88  7:14  Probe  
  89  7:16  Shield Battery  
  89  7:22  Dark Templar  
  91  7:23  Pylon  
  91  7:29  Archon  
  91  7:30  Zealot x3  
  91  7:31  Zealot x4  
  105  7:39  Pylon  
  105  7:42  Gateway  
  105  7:44  Gateway  
  105  7:52  Nexus  
  105  7:54  Pylon  
  105  7:58  Dark Templar x2  
  105  8:02  Archon  
  105  8:05  Zealot x4  
  117  8:10  Zealot x2  
  121  8:20  Photon Cannon  
  121  8:27  Dark Templar x2  
  121  8:28  Stalker  
  121  8:31  Stalker  
  121  8:32  Zealot x2  
  121  8:33  Archon  
  133  8:37  Pylon  
  133  8:38  Pylon  
  133  8:39  Pylon  
  133  8:55  Probe x3  
  133  8:57  Zealot x6  
  133  9:02  Observer, Zealot  
  148  9:03  Zealot  
  148  9:08  Probe x3  
  148  9:09  Probe  
  156  9:11  Pylon  
  156  9:20  Dark Templar  
  156  9:21  Zealot x3, Dark Templar  
  166  9:28  Archon  
  166  9:29  Zealot x3  
  166  9:30  Zealot  
  162  9:44  Stalker x4  
Show
View Real Time Build Order
Export as new Build Order

MaxPax Protoss 

Build Orders: Oracle Opening, Phoenix Opening 

Get SALT Encoding   

  12  0:00  Probe  
  13  0:12  Probe  
  14  0:20  Pylon  
  14  0:24  Probe  
  15  0:38  Probe (Chrono Boost)  
  15  0:42  Gateway  
  16  0:49  Assimilator  
  17  0:50  Probe (Chrono Boost)  
  17  0:55  Probe (Chrono Boost)  
  18  1:04  Probe  
  18  1:09  Pylon  
  19  1:13  Assimilator  
  19  1:16  Probe  
  20  1:29  Probe (Chrono Boost)  
  20  1:30  Cybernetics Core  
  23  1:37  Zealot  
  24  1:40  Probe (Chrono Boost)  
  24  1:45  Probe (Chrono Boost)  
  25  1:55  Probe  
  26  2:05  Adept (Chrono Boost)  
  26  2:07  Probe  
  29  2:08  Warp Gate  
  29  2:20  Pylon  
  30  2:26  Nexus  
  30  2:27  Sentry  
  31  2:32  Pylon  
  31  2:38  Probe  
  32  2:45  Stargate  
  32  2:51  Shield Battery  
  32  2:52  Probe  
  33  3:04  Probe  
  36  3:16  Probe  
  37  3:28  Probe, Oracle (Chrono Boost)  
  37  3:31  Twilight Council  
  38  3:35  Gateway, Phoenix (Chrono Boost)  
  38  3:39  Probe  
  38  3:40  Probe  
  40  3:51  Probe (Chrono Boost), Forge  
  40  3:54  Probe (Chrono Boost)  
  42  3:57  Stalker  
  44  4:03  Probe (Chrono Boost)  
  44  4:05  Blink (Chrono Boost)  
  46  4:10  Probe (Chrono Boost)  
  46  4:11  Probe (Chrono Boost)  
  48  4:17  Probe x2, Assimilator  
  49  4:27  Stalker  
  49  4:29  Probe  
  49  4:30  Probe  
  53  4:32  Pylon  
  53  4:37  Protoss Ground Weapons Level 1 (Chrono Boost)  
  53  4:41  Probe  
  53  4:43  Gateway  
  53  4:45  Gateway  
  54  4:50  Probe  
  55  4:53  Probe  
  55  4:54  Pylon  
  56  5:02  Probe  
  56  5:05  Probe  
  58  5:09  Nexus  
  58  5:11  Sentry  
  60  5:16  Probe  
  60  5:18  Stalker  
  63  5:28  Probe  
  63  5:29  Gateway  
  63  5:32  Gateway  
  63  5:33  Probe  
  65  5:36  Stalker  
  65  5:40  Probe  
  68  5:45  Probe  
  68  5:49  Shield Battery  
  69  5:52  Probe  
  70  5:58  Pylon  
  70  6:01  Pylon  
  70  6:06  Pylon  
  70  6:08  Shield Battery  
  70  6:14  Charge  
  70  6:16  Probe x2  
  70  6:17  Stalker x4  
  78  6:25  Probe, Robotics Facility  
  79  6:28  Probe x2  
  79  6:37  Probe  
  72  6:40  Probe  
  70  6:47  Probe  
  70  6:52  Probe, Stalker x3  
  75  6:58  Probe, Pylon  
  75  6:59  Probe  
  76  7:05  Pylon  
  76  7:09  Probe (Chrono Boost)  
  76  7:10  Pylon  
  76  7:15  Probe (Chrono Boost)  
  79  7:17  Probe (Chrono Boost)  
  79  7:21  Probe (Chrono Boost)  
  80  7:25  Protoss Ground Weapons Level 2 (Chrono Boost)  
  80  7:26  Probe (Chrono Boost)  
  80  7:29  Probe (Chrono Boost)  
  84  7:30  Observer (Chrono Boost), Probe (Chrono Boost), Phoenix  
  84  7:32  Probe (Chrono Boost)  
  84  7:34  Probe (Chrono Boost)  
  86  7:37  Probe  
  86  7:38  Photon Cannon  
  86  7:40  Probe  
  88  7:45  Probe, Photon Cannon  
  88  7:49  Probe  
  90  7:52  Robotics Bay  
  90  7:53  Stalker  
  92  7:59  Stalker x2  
  92  8:02  Probe  
  96  8:05  Stalker  
  96  8:06  Stalker  
  96  8:09  Zealot  
  102  8:18  Zealot  
  103  8:27  Photon Cannon  
  103  8:29  Stalker x2  
  103  8:31  Stalker x2  
  111  8:37  Assimilator  
  111  8:45  Zealot x2  
  111  8:46  Pylon  
  115  8:49  Gateway  
  115  8:56  Disruptor (Chrono Boost), Pylon x2  
  115  9:00  Assimilator  
  115  9:02  Pylon  
  117  9:04  Probe x3  
  120  9:13  Dark Shrine  
  120  9:15  Photon Cannon  
  120  9:16  Probe x3  
  123  9:28  Probe x3  
  122  9:39  Zealot x5  
Tags
 
Add a new tag
Caveats
  • Supply blocks, unpowered buildings, or Contaminate may cause inaccurate times.
  • Supply counts are checked every 10 seconds.